 Dungeon Crawl Stone Soup version 0.18-a0-1041-gbe91bf5 (webtiles) character file.

56 dvd the Firebug (level 3, 0/19 HPs)
             Began as a Tengu Fire Elementalist on Jan 11, 2016.
             Slain by an adder (4 damage)
             ... on level 2 of the Dungeon.
             The game lasted 00:05:31 (1465 turns).

dvd the Firebug (Tengu Fire Elementalist)           Turns: 1465, Time: 00:05:31

Health: 0/19       AC:  2    Str:  8    XL:     3   Next: 95%
Magic:  0/7        EV: 13    Int: 16    God:
Gold:   28         SH:  0    Dex: 14    Spells: 2 memorised, 3 levels left

rFire  . . .     SeeInvis .     j - +0 mace
rCold  . . .     Gourm    .     a - +0 robe
rNeg   . . .     Faith    .     (no shield)
rPois  .         Spirit   .     (helmet restricted)
rElec  .         Dismiss  .     (no cloak)
rCorr  .         Reflect  .     (no gloves)
SustAt .         Harm     .     (boots unavailable)
MR     .....                    (no amulet)
Stlth  ++........               (no ring)
                                (no ring)

@: lethally poisoned (0 -> -9), very slightly contaminated, not resistant to
hostile enchantments, unstealthy
A: beak, talons 3
a: no special abilities


You were on level 2 of the Dungeon.
You were not hungry.

You visited 1 branch of the dungeon, and saw 2 of its levels.

You collected 28 gold pieces.

Inventory:

Hand Weapons
 d - a -2 spear
 j - a +0 mace (weapon)
Armour
 a - a +0 robe (worn)
Scrolls
 h - a scroll of identify
 m - 3 scrolls of magic mapping {unknown}
Potions
 e - a potion of flight {unknown}
 f - a potion of lignification {unknown}
 g - a potion of magic {unknown}
 k - a potion of heal wounds {unknown}
 l - a potion of curing {unknown}
Books
 b - a book of Flames

   Spells                             Type                      Level
   a - Flame Tongue                   Conjuration/Fire             1
   b - Throw Flame                    Conjuration/Fire             2
   c - Conjure Flame                  Conjuration/Fire             3
   d - Inner Flame                    Hexes/Fire                   3
   e - Sticky Flame                   Conjuration/Fire             4
   f - Fireball                       Conjuration/Fire             5
Comestibles
 c - a bread ration
 i - 3 chunks of flesh


   Skills:
 + Level 2.5 Dodging
 + Level 2.3 Stealth
 * Level 2.3 Spellcasting
 + Level 2.2 Conjurations
 + Level 4.1 Fire Magic


You had 3 spell levels left.
You knew the following spells:

 Your Spells              Type           Power        Failure   Level  Hunger
a - Flame Tongue          Conj/Fire      ##...        8%          1    #......
b - Throw Flame           Conj/Fire      ##....       10%         2    ###....


Dungeon Overview and Level Annotations

Branches:
Dungeon (2/15)

Altars:


Innate Abilities, Weirdness & Mutations

You have a beak for a mouth.
You have claws for feet.


Message History

Confirm with . or Enter, or press ? or * to list all spells.
Aiming: Flame Tongue
Press: ? - help, Shift-Dir - straight line, f/p - adder
Aim: an adder (heavily wounded)
The flame tongue hits the adder.
The adder appears unharmed.
The adder is heavily wounded.
You feel sick. The adder bites you.
* * * LOW HITPOINT WARNING * * *
You are more poisoned.
The adder poisons you!
Casting: Flame Tongue
Confirm with . or Enter, or press ? or * to list all spells.
Aiming: Flame Tongue
Press: ? - help, Shift-Dir - straight line, f/p - adder
Aim: an adder (heavily wounded)
The flame tongue hits the adder.
The adder appears unharmed.
The adder is heavily wounded.
* * * LOW HITPOINT WARNING * * *
You feel sick. The adder bites you.
You die...

######..# ..# ##...##
.# #..### .# #.##
#####(# #####.....###
#.....#.....#.
.####(............
#@........g....
#......S.>..........g
#######.............<
#..............$
#.###.###......< #.
... ....... #. >.. #.
...


You could see an adder.

Vanquished Creatures
  3 oozes (D:1)
  A worm (D:2)
  A ball python (D:1)
  A giant cockroach (D:1)
  6 goblins
  5 hobgoblins (D:1)
  8 kobolds
  5 bats (D:1)
  3 giant newts
  7 rats
40 creatures vanquished.

Notes
Turn   | Place    | Note
--------------------------------------------------------------
     0 | D:1      | dvd the Tengu Fire Elementalist began the quest for the Orb.
     0 | D:1      | Reached XP level 1. HP: 10/10 MP: 4/4
   106 | D:1      | Reached XP level 2. HP: 15/15 MP: 0/6
   243 | D:1      | Learned a level 2 spell: Throw Flame
   277 | D:1      | Reached skill level 4 in Fire Magic
   469 | D:1      | Reached XP level 3. HP: 19/19 MP: 5/7
  1465 | D:2      | Slain by an adder

Vault maps used:
D:1:      dpeg_arrival_three_bigger_balls, minmay_misc_feat_chi
D:2:      st_stairs_3

Action                   || total
-------------------------++-------
Melee: Spear             ||     9
       Unarmed           ||     4
       Mace              ||     3
 Cast: Flame Tongue      ||    72
       Throw Flame       ||     4
  Use: Scroll            ||     2
 Stab: Sleeping          ||     2
  Eat: Chunk             ||     3
